 Dungeon Crawl Stone Soup version 0.29.1-12-g30fa7ad0bf (webtiles) character file.

Game seed: 13365859893553038817

126791 Coaxmetal the Earth Mage (level 16, -15/105 (106) HPs)
             Began as a Gargoyle Earth Elementalist on Dec 19, 2022.
             Was an Elder of Ashenzari.
             Demolished by a wolf spider (19 damage)
             ... on level 4 of the Spider Nest.
             The game lasted 01:41:39 (41134 turns).

Coaxmetal the Earth Mage (GrEE)                    Turns: 41134, Time: 01:41:39

HP:   -15/105 (106) AC: 28    Str: 17    XL:     16   Next: 99%
MP:   15/38         EV: 18    Int: 16    God:    Ashenzari [****..]
Gold: 1816          SH:  0    Dex: 12    Spells: 30/51 levels left

rFire   . . .      SeeInvis +   O - +5 quick blade "Manifest Fortune-Teller" {protect, Self, Cun} (curse)
rCold   + . .      Faith    .   (no shield)
rNeg    + . .      Spirit   .   D - +2 robe of the Ensconced Urgency {Will+, Self, Alch} (curse)
rPois   ∞          Reflect  .   N - +1 helmet of Ashenzari's Anarchy {rC+ Will+ Int-4, Cun, Melee} (curse)
rElec   +          Harm     .   m - +1 cloak "Xuloek" {Str+3}
rCorr   .          Rampage  .   K - +0 pair of gloves of Ashenzari's Sybil {Elem, Comp} (curse)
Will    +++..      Clarity  +   M - +2 pair of boots of the Cryptic Atheism {Fly, Alch, Bglg} (curse)
Stlth   ++++......              (no amulet)
HPRegen 0.27/turn               t - ring of the Eternal Repose {AC+4, Melee, Alch} (curse)
MPRegen 0.26/turn               p - ring "Cryptic Negation" {EV+4, Self, Comp} (curse)

@: flying, lightly drained
A: sickness immunity, AC +12, big wings, negative energy resistance 1,
electricity resistance, torment resistance 1, petrification resistance
a: Renounce Religion, Curse Item, Shatter the Chains


You were on level 4 of the Spider Nest.
You worshipped Ashenzari.
Ashenzari was greatly pleased with you.
You visited 4 branches of the dungeon, and saw 24 of its levels.
You also visited: Gauntlet.

You collected 1816 gold pieces.

Inventory:

Hand Weapons
 O - the cursed +5 quick blade "Manifest Fortune-Teller" (weapon) {protect, Self, Cun}
   (You acquired it on level 3 of the Lair of Beasts)

   It grants its wielder temporary protection when it strikes (+7 to AC).
   It has a curse which improves the following skills: Introspection: Fighting
   and Spellcasting.
   Cunning:   Dodging and Stealth.
Missiles
 s - 5 throwing nets
 C - 7 curare-tipped darts
Armour
 m - the +1 cloak "Xuloek" (worn) {Str+3}
   (You found it in a Gauntlet)

   Str:       It affects your strength (+3).
 n - +0 acid dragon scales
 w - a +0 buckler
 x - a +2 robe of willpower
 y - a +2 pair of gloves
 D - the cursed +2 robe of the Ensconced Urgency (worn) {Will+, Self, Alch}
   (You took it off Pikel on level 5 of the Dungeon)

   It has a curse which improves the following skills: Introspection: Fighting
   and Spellcasting.
   Alchemy:   Poison Magic and Transmutations.
 K - the cursed +0 pair of gloves of Ashenzari's Sybil (worn) {Elem, Comp}
   (You found it on level 9 of the Dungeon)

   It has a curse which improves the following skills: Elements: Fire Magic, Ice
   Magic, Air Magic and Earth Magic.
   Companions: Summonings and Necromancy.
 M - the cursed +2 pair of boots of the Cryptic Atheism (worn) {Fly, Alch, Bglg}
   (You found it on level 11 of the Dungeon)

   It has a curse which improves the following skills: Alchemy: Poison Magic and
   Transmutations.
   Beguiling: Conjurations, Hexes and Translocations.
 N - the cursed +1 helmet of Ashenzari's Anarchy (worn) {rC+ Will+ Int-4, Cun, Melee}
   (You found it in a Gauntlet)

   Int:       It affects your intelligence (-4).
   rC:        It protects you from cold.
   Will:      It increases your willpower.
   It has a curse which improves the following skills: Cunning: Dodging and
   Stealth.
   Melee Combat: Short Blades, Long Blades, Axes, Maces & Flails, Polearms,
   Staves and Unarmed Combat.
 Q - a +2 robe of resistance
 R - the +18 shield of the Gong {rElec rN+ Will+ EV-5}
   (You found it in a Gauntlet)

   It is deafeningly noisy when blocking attacks.
   EV:        It affects your evasion (-5).
   rElec:     It insulates you from electricity.
   rN:        It protects you from negative energy.
   Will:      It increases your willpower.
 T - a scarf of resistance
Jewellery
 l - an amulet of magic regeneration
 p - the cursed ring "Cryptic Negation" (right hand) {EV+4, Self, Comp}
   (You found it on level 2 of the Dungeon)

   [ring of evasion]

   EV:        It affects your evasion (+4).
   It has a curse which improves the following skills: Introspection: Fighting
   and Spellcasting.
   Companions: Summonings and Necromancy.
 t - the cursed ring of the Eternal Repose (left hand) {AC+4, Melee, Alch}
   (You found it on level 3 of the Dungeon)

   [ring of protection]

   AC:        It affects your AC (+4).
   It has a curse which improves the following skills: Melee Combat: Short
   Blades, Long Blades, Axes, Maces & Flails, Polearms, Staves and Unarmed
   Combat.
   Alchemy:   Poison Magic and Transmutations.
 u - a +4 ring of protection
 F - a ring of fire
 U - the dreamshard necklace {*Dream Drain}
   (You found it on level 2 of the Spider Nest)

   [amulet of nothing]

   It shatters if its wearer takes lethal or near-lethal damage, preventing the
   blow and releasing protective dreams that heal and fight for the wearer.
   Drain:     It drains your maximum health when unequipped.
Wands
 a - a wand of iceblast (17)
 o - a wand of quicksilver (5)
 G - a wand of paralysis (18)
 J - a wand of polymorph (6)
 P - a wand of flame (26)
Scrolls
 d - 2 scrolls of blinking
 e - a scroll of brand weapon
 g - 2 scrolls of fear
 h - 6 scrolls of poison
 j - a scroll of enchant armour
 q - 7 scrolls of amnesia
 z - 6 scrolls of teleportation
 B - a scroll of magic mapping
 H - 2 scrolls of enchant weapon
 L - 2 scrolls of butterflies
 V - a scroll of acquirement
Potions
 b - a potion of magic
 c - 5 potions of might
 f - 4 potions of resistance
 i - 2 potions of haste
 k - 4 potions of brilliance
 r - 2 potions of berserk rage
 v - 2 potions of ambrosia
 A - a potion of invisibility
 E - 7 potions of curing
 I - a potion of cancellation
Miscellaneous
 S - a phial of floods


   Skills:
 - Level 10.3(14.2) Fighting
 + Level 7.1(10.1) Short Blades
 * Level 3.3(5.9) Dodging
 + Level 7.7(10.7) Stealth
 - Level 14.2(18.0) Spellcasting
 + Level 12.1(14.0) Conjurations
 - Level 3.0(4.6) Translocations
 + Level 11.4(15.3) Transmutations
 - Level 16.1(18.0) Earth Magic
 - Level 3.7(7.1) Poison Magic


You had 30 spell levels left.
You knew the following spells:

 Your Spells              Type           Power      Damage    Failure   Level
a - Sandblast             Erth           100%       2d20      0%          1
b - Stone Arrow           Conj/Erth      100%       3d13      0%          3
c - Blink                 Tloc           58%        N/A       1%          2
d - Petrify               Tmut/Erth      61%        N/A       1%          4
e - Iron Shot             Conj/Erth      30%        9d6       1%          6
f - Alistair's Intoxicat  Tmut/Pois      33%        N/A       1%          5

Your spell library contained the following spells:

 Spells                   Type           Power      Damage    Failure   Level
 Passwall                 Tmut/Erth      50%        N/A       0%          2
 Apportation              Tloc           58%        N/A       1%          1
 Sting                    Tmut/Pois      100%       1d8       1%          1
 Poisonous Vapours        Pois/Air       52%        N/A       1%          2
 Gell's Gravitas          Tloc           29%        N/A       1%          3
 Lesser Beckoning         Tloc           29%        N/A       1%          3
 Teleport Other           Tloc           29%        N/A       1%          3
 Animate Armour           Summ/Erth      86%        N/A       1%          4
 Olgreb's Toxic Radiance  Pois           37%        N/A       1%          4
 Blade Hands              Tmut           29%        N/A       1%          5
 Irradiate                Conj/Tmut      28%        3d21      1%          5
 Flame Wave               Conj/Fire      37%        2d10      2%          4
 Necrotise                Necr           60%        1d7       3%          1
 Slow                     Hex            60%        N/A       3%          1
 Summon Small Mammal      Summ           60%        N/A       3%          1
 Scorch                   Fire           30%        2d7       5%          2
 Confusing Touch          Hex            15%        N/A       11%         3
 Ozocubu's Armour         Ice            15%        N/A       11%         3
 Vampiric Draining        Necr           15%        2d7       11%         3
 Manifold Assault         Tloc           29%        N/A       16%         5
 Metabolic Englaciation   Hex/Ice        7%         N/A       71%         5
 Simulacrum               Ice/Necr       7%         N/A       99%         6
 Summon Cactus Giant      Summ           7%         N/A       99%         6
 Ozocubu's Refrigeration  Ice            7%         4d9       100%        7
 Ignition                 Fire           7%         3d5       100%        8
 Sublimation of Blood     Necr           Unusable   N/A       N/A         2

Dungeon Overview and Level Annotations

Branches:
Dungeon (11/15)            Temple (0/1) D:6            Lair (5/5) D:9
 Shoals (4/4) Lair:2       Spider (4/4) Lair:2        Slime (0/5) Lair:4
Gauntlet (visited)
    Orc: D:9-12

Altars:
Ashenzari
Cheibriados
Dithmenos
Fedhas
Gozag
Hepliaklqana
Nemelex Xobeh
Okawaru
Ru
Trog
Zin
The Shining One
Jiyva
Lugonu

Shops:
D:2 [   D:4 *   D:7 :   D:9 [   D:10 !   Shoals:2 :

Portals:
Abyss: Shoals:1

Annotations:
D:9 exclusion: ice statue
Shoals:3 1 runed translucent door


Innate Abilities, Weirdness & Mutations

You are immune to sickness and miasma.
Your stone body is resilient. (AC +12)
You are immune to poison.
Your large and strong wings let you fly.
You resist negative energy. (rN+)
You are resistant to electric shocks. (rElec)
You are resistant to unholy torment.
You are immune to petrification.


Message History

The wolf spider hits you but does no damage.
The wolf spider bites you but does no damage.
The wolf spider hits you!! The wolf spider barely misses you.
Casting: Stone Arrow (safe; 0% risk of failure)
Confirm with . or Enter, or press ? or * to list all spells.
Aiming: Stone Arrow (safe; 0% risk of failure)
Press: ? - help, Shift-Dir - straight line, f - wolf spider
Aim: a wolf spider (moderately wounded, berserk, 78% to hit)
The stone arrow hits the wolf spider!
The wolf spider is heavily wounded.
The wolf spider hits you!! The wolf spider misses you.
The wolf spider hits you but does no damage.
The wolf spider bites you but does no damage.
Casting: Stone Arrow (safe; 0% risk of failure)
Confirm with . or Enter, or press ? or * to list all spells.
Aiming: Stone Arrow (safe; 0% risk of failure)
Press: ? - help, Shift-Dir - straight line, f/p - wolf spider
Aim: a wolf spider (heavily wounded, berserk, 78% to hit)
The stone arrow hits the wolf spider!
The wolf spider is severely wounded.
The wolf spider hits you. The wolf spider bites you! The wolf spider hits you!!
* * * LOW HITPOINT WARNING * * *
The wolf spider bites you.
* * * LOW HITPOINT WARNING * * *
The wolf spider hits you!
* * * LOW HITPOINT WARNING * * *
The wolf spider bites you but does no damage.
Casting: Stone Arrow (safe; 0% risk of failure)
Confirm with . or Enter, or press ? or * to list all spells.
Aiming: Petrify (safe; 1% risk of failure)
Press: ? - help, Shift-Dir - straight line, f/p - wolf spider
Aim: a wolf spider (severely wounded, berserk, chance to affect: 76%)
Okay, then.
Casting: Petrify (safe; 1% risk of failure)
Confirm with . or Enter, or press ? or * to list all spells.
Aiming: Iron Shot (dangerous; 1% risk of failure)
Press: ? - help, Shift-Dir - straight line, f/p - wolf spider
Aim: a wolf spider (severely wounded, berserk, 74% to hit)
The iron shot misses the wolf spider.
The wolf spider hits you!!
You die...

#..^.#..##. ,, ,
#..#...†.##. * *
* #..#...#†.##.^
* *
#..###.#...##^
#...^#####..# *
,** *
##^.##.#^...#*{,
#..##..##...#, ,
* #.##..s.##..#
, * *
###.^.†@^#..#,,
, #..(..#.....##
, ,
#.....##.....#
#...* #.......#
* , * #.. *
#....#### ,
,,,*, #.,
...#### **, , #
, #... , * ** *
*,,,#... ,,*, ,
* ,, #... * ,, ,
,<


You could see a wolf spider (berserk).

Vanquished Creatures
  Donald (Spider:3)
  2 emperor scorpions
  2 ghost moths (Spider:3)
  A broodmother (Spider:3)
  An entropy weaver (Spider:2)
  A minotaur (Gauntlet)
  3 merfolk impalers (Shoals:2)
  2 merfolk javelineers (Shoals:2)
  Josephine (Lair:5)
  2 jorogumos
  10 hydras
  Erica (Lair:1)
  5 boulder beetles
  3 radroaches
  A catoblepas (Lair:4)
  2 two-headed ogres
  A centaur warrior (Shoals:1)
  2 merfolk aquamancers (Shoals:2)
  8 death yaks
  Sonja (Lair:2)
  5 pharaoh ants
  Amaemon (Lair:3)
  A sixfirhy (Gauntlet)
  7 sea snakes
  2 sun moths
  8 steelbarb worms
  6 orb spiders
  A death drake (Gauntlet)
  Pikel (D:5)
  10 harpies
  An obsidian statue (Gauntlet)
  14 fauns
  18 wolf spiders
  A cyclops (Shoals:1)
  9 manticores
  3 spectral centaurs (Gauntlet)
  7 elephants
  6 moths of wrath
  A water nymph (Shoals:3)
  7 merfolk sirens
  6 torpor snails
  5 black mambas
  An orange demon (Lair:3)
  10 cane toads
  Maggie (D:9)
  5 demonic crawlers
  8 komodo dragons
  A kobold demonologist (D:10)
  2 rime drakes
  15 merfolk
  3 polar bears
  2 trolls
  15 tarantellas
  3 wind drakes
  Prince Ribbit (D:6)
  7 blink frogs
  6 dream sheep
  7 snapping turtles
  28 jumping spiders
  18 culicivoras
  3 vampires
  4 wraiths
  7 water elementals
  30 yaks
  5 wyverns
  3 steam dragons
  36 redbacks
  Menkaure (D:6)
  Edmund (D:6)
  16 water moccasins
  An acid dragon (D:9)
  8 orc warriors
  A black bear (D:6)
  6 centaurs
  12 wolves (Lair:5)
  Blork the orc (D:6)
  2 kobold brigands (D:6)
  14 bullfrogs
  5 scorpions
  6 wights
  3 killer bees (D:9)
  3 howler monkeys (D:7)
  2 jellies
  14 orc priests
  5 hounds
  Natasha (thrice) (D:3)
  3 iguanas
  16 orc wizards
  6 hell rats
  10 gnolls
  11 adders
  A river rat (D:6)
  2 shadow imps
  4 ufetubi
  2 worms
  3 dart slugs
  30 orcs
  7 ball pythons
  6 endoplasms
  5 giant cockroaches
  11 goblins
  11 hobgoblins
  4 jackals (D:5)
  13 kobolds
  2 quokkas
  6 bats
  2 frilled lizards
  10 rats
  A lurking horror (Shoals:1)
661 creatures vanquished.

Vanquished Creatures (others)
  An orc (D:9)
  19 demonic plants (Gauntlet)
  18 fungi
  72 plants
  6 tentacles (Shoals:2)
116 creatures vanquished.

Grand Total: 777 creatures vanquished

Notes
Turn   | Place    | Note
-------+----------+-------------------------------------------
     0 | D:1      | Coaxmetal the Gargoyle Earth Elementalist began the quest
                  | for the Orb.
     0 | D:1      | Reached XP level 1. HP: 10/10 MP: 3/3
   274 | D:1      | Reached XP level 2. HP: 15/15 MP: 3/5
   706 | D:1      | Reached skill level 4 in Earth Magic
   929 | D:2      | Found Xicret's Antique Armour Emporium.
   960 | D:2      | Reached XP level 3. HP: 19/19 MP: 2/6
  1306 | D:2      | Identified the +1 leather armour of Muom {Dex+2}
  1480 | D:2      | Reached XP level 4. HP: 24/24 MP: 4/7
  2111 | D:3      | Noticed Natasha
  2116 | D:3      | Killed Natasha
  2117 | D:3      | Reached skill level 5 in Earth Magic
  2571 | D:3      | Noticed Natasha
  2578 | D:3      | Killed Natasha
  2579 | D:3      | Reached XP level 5. HP: 23/28 MP: 2/8
  2746 | D:3      | Noticed Natasha
  2747 | D:3      | Reached skill level 6 in Earth Magic
  2748 | D:3      | Killed Natasha
  3008 | D:3      | Reached skill level 7 in Earth Magic
  3012 | D:3      | Reached XP level 6. HP: 32/32 MP: 1/9
  3575 | D:3      | Learned a level 3 spell: Stone Arrow
  3578 | D:3      | Learned a level 2 spell: Blink
  3643 | D:4      | Found Vauh's Assorted Antiques.
  4015 | D:4      | Found an opulent altar of Gozag.
  4253 | D:4      | Found a shadowy altar of Dithmenos.
  4254 | D:4      | Found a broken altar of Ashenzari.
  4255 | D:4      | Found a bloodstained altar of Trog.
  4256 | D:4      | Found a blossoming altar of Fedhas.
  4256 | D:4      | Found an iron altar of Okawaru.
  4258 | D:4      | Found a hazy altar of Hepliaklqana.
  4258 | D:4      | Found a glowing golden altar of the Shining One.
  4259 | D:4      | Found a sacrificial altar of Ru.
  4307 | D:4      | Became a worshipper of Ashenzari the Shackled
  4335 | D:4      | Reached skill level 8 in Earth Magic
  4690 | D:5      | Entered Level 5 of the Dungeon
  4769 | D:5      | Reached skill level 1 in Fighting
  4769 | D:5      | Reached XP level 7. HP: 35/38 MP: 6/11
  5239 | D:5      | Reached XP level 8. HP: 48/48 MP: 2/14
  5372 | D:5      | Noticed Pikel
  5386 | D:5      | Killed Pikel
  5387 | D:5      | Reached skill level 5 in Spellcasting
  5980 | D:6      | Learned a level 4 spell: Petrify
  5983 | D:6      | Noticed Prince Ribbit
  5986 | D:6      | Killed Prince Ribbit
  5987 | D:6      | Reached skill level 1 in Translocations
  5987 | D:6      | Reached XP level 9. HP: 52/52 MP: 9/16
  6115 | D:6      | Noticed Blork the orc
  6119 | D:6      | Killed Blork the orc
  6457 | D:6      | Reached skill level 5 in Fighting
  6496 | D:6      | Found a snail-covered altar of Cheibriados.
  6623 | D:6      | Noticed Menkaure
  6628 | D:6      | Killed Menkaure
  6716 | D:6      | Noticed Edmund
  6721 | D:6      | Killed Edmund
  7225 | D:6      | Found a staircase to the Ecumenical Temple.
  7749 | D:7      | Reached XP level 10. HP: 54/60 MP: 17/20
  7749 | D:7      | Reached * piety under Ashenzari
  7749 | D:7      | Identified 2 scrolls of acquirement
  8101 | D:7      | Found Mivuorph's Vocational Training.
  9109 | D:7      | Reached ** piety under Ashenzari
  9228 | D:8      | Reached skill level 9 in Earth Magic
  9412 | D:8      | Reached skill level 5 in Conjurations
  9558 | D:8      | Reached skill level 1 in Short Blades
  9799 | D:9      | Noticed Maggie
  9817 | D:9      | Killed Maggie
  9818 | D:9      | Reached skill level 5 in Transmutations
 10007 | D:9      | Noticed an ice statue
 10030 | D:9      | Noticed a death yak
 10034 | D:9      | Noticed a death yak
 10342 | D:9      | Noticed a death yak
 10356 | D:9      | Reached skill level 10 in Earth Magic
 10594 | D:9      | Killed a death yak
 10595 | D:9      | Reached XP level 11. HP: 51/67 MP: 5/23
 10712 | D:9      | Killed a death yak
 10866 | D:9      | Reached skill level 11 in Earth Magic
 11259 | D:9      | Found a runed translucent door.
 11366 | D:9      | Killed a death yak
 11542 | D:9      | Found Zudghuado's Armour Emporium.
 11691 | D:9      | Found a staircase to the Lair.
 12140 | D:10     | Entered Level 10 of the Dungeon
 12173 | Lair:1   | Entered Level 1 of the Lair of Beasts
 13428 | D:10     | Reached skill level 12 in Earth Magic
 13509 | D:10     | Found a sparkling altar of Nemelex Xobeh.
 13547 | D:10     | Noticed a two-headed ogre
 13561 | D:10     | Killed a two-headed ogre
 13654 | D:10     | Found Eddiche's Distillery.
 14117 | D:11     | Noticed a two-headed ogre
 14123 | D:11     | Killed a two-headed ogre
 14124 | D:11     | Reached XP level 12. HP: 62/73 MP: 17/26
 14282 | D:11     | Found a glowing silver altar of Zin.
 14282 | D:11     | Noticed an angel
 14595 | D:9      | Reached skill level 5 in Stealth
 15874 | Lair:1   | Noticed a four-headed hydra
 15876 | Lair:1   | Noticed Erica
 15959 | Lair:1   | Killed Erica
 16086 | Lair:1   | Killed a four-headed hydra
 16687 | Lair:2   | Noticed a six-headed hydra
 16701 | Lair:2   | Killed a six-headed hydra
 16844 | Lair:2   | Noticed an eight-headed hydra
 16854 | Lair:2   | Killed an eight-headed hydra
 16991 | Lair:2   | Found a staircase to the Shoals.
 17027 | Lair:2   | Noticed Sonja
 17037 | Lair:2   | Killed Sonja
 17316 | Lair:2   | Found a hole to the Spider Nest.
 17916 | Lair:3   | Noticed Amaemon
 17954 | Lair:3   | Reached XP level 13. HP: 80/80 MP: 19/27
 17963 | Lair:3   | Killed Amaemon
 18056 | Lair:3   | Acquired a +4 quick blade
 18063 | Lair:3   | Acquired 313 gold pieces
 18776 | Lair:3   | Reached skill level 10 in Spellcasting
 19929 | Lair:3   | Learned a level 6 spell: Iron Shot
 20252 | Lair:4   | Reached skill level 5 in Short Blades
 20328 | Lair:4   | Found a gate leading to a gauntlet.
 20337 | Gauntlet | Entered a Gauntlet
 20337 | Gauntlet | Found a transporter.
 20337 | Gauntlet | Found a transporter.
 20414 | Gauntlet | Found a transporter.
 20424 | Gauntlet | Identified the +1 hat "Igay" {rN++}
 20426 | Gauntlet | Found a transporter.
 20444 | Gauntlet | Found a transporter.
 20496 | Gauntlet | Found a transporter.
 20515 | Gauntlet | Found a transporter.
 20526 | Gauntlet | Found a large runed translucent door.
 20527 | Gauntlet | Found a large runed translucent door.
 20528 | Gauntlet | Found a large runed translucent door.
 20528 | Gauntlet | Found a large runed translucent door.
 20528 | Gauntlet | Found a large runed translucent door.
 20529 | Gauntlet | Found a runed translucent door.
 20546 | Gauntlet | Found a transporter.
 20551 | Gauntlet | Found a transporter.
 20551 | Gauntlet | Found a transporter.
 20552 | Gauntlet | Identified the +1 cloak "Xuloek" {Str+3}
 20554 | Gauntlet | Found a transporter.
 20556 | Gauntlet | Found a large runed translucent door.
 20557 | Gauntlet | Found a large runed translucent door.
 20559 | Gauntlet | Found a runed translucent gate.
 20559 | Gauntlet | Identified the +1 helmet "Diastrus" {rC+ Will+ Int-4}
 20568 | Gauntlet | Noticed a reaper
 20572 | Gauntlet | Identified the ring "Baprabor" {Fire rPois Str+7 Int-5
                  | Slay+2}
 20626 | Gauntlet | Found a transporter.
 20641 | Gauntlet | Found a transporter.
 20641 | Gauntlet | Identified the +1 helmet of Action {rPois rF+ Str+4 Dex+10}
 20654 | Gauntlet | Found a transporter.
 20759 | Gauntlet | Found a transporter.
 20761 | Gauntlet | Found a large runed translucent door.
 20762 | Gauntlet | Found a large runed translucent door.
 20763 | Gauntlet | Found a runed translucent door.
 20763 | Gauntlet | Found a large runed translucent door.
 20763 | Gauntlet | Found a large runed translucent door.
 20764 | Gauntlet | Found a large runed translucent door.
 20769 | Gauntlet | Found a large runed translucent door.
 20769 | Gauntlet | Found a large runed translucent door.
 20773 | Gauntlet | Found a large runed translucent door.
 20773 | Gauntlet | Found a large runed translucent door.
 20774 | Gauntlet | Found a runed translucent gate.
 20774 | Gauntlet | Found a runed translucent gate.
 20776 | Gauntlet | Found a transporter.
 21093 | Gauntlet | Reached skill level 13 in Earth Magic
 21347 | Gauntlet | Reached *** piety under Ashenzari
 21457 | Gauntlet | Identified the +1 long sword of the Five Priests {vorpal,
                  | *Rage +Blink rF+ rN+}
 21457 | Gauntlet | Noticed a minotaur
 21467 | Gauntlet | Killed a minotaur
 21471 | Gauntlet | Found the +18 shield of the Gong {rElec rN+ Will+ EV-5}
 21660 | Lair:4   | Found a viscous altar of Jiyva.
 21660 | Lair:4   | Found a staircase to the Slime Pits.
 21937 | Lair:4   | Found a blossoming altar of Fedhas.
 22534 | Lair:5   | Entered Level 5 of the Lair of Beasts
 22659 | Lair:5   | Gained mutation: Your large and strong wings let you fly.
                  | [Gargoyle growth]
 22659 | Lair:5   | Reached XP level 14. HP: 90/90 MP: 29/31
 22671 | Lair:5   | Learned a level 5 spell: Alistair's Intoxication
 23164 | Lair:4   | HP: 2/90 [hell rat (8)]
 23456 | Lair:4   | Reached skill level 1 in Poison Magic
 23781 | Lair:5   | Noticed Josephine
 23795 | Lair:5   | Killed Josephine
 23972 | Lair:4   | Reached skill level 14 in Earth Magic
 24864 | Lair:5   | Noticed a dire elephant
 25023 | Shoals:1 | Entered Level 1 of the Shoals
 25133 | Shoals:1 | Found a one-way gate to the infinite horrors of the Abyss.
 25552 | Shoals:1 | Found a corrupted altar of Lugonu.
 26648 | Shoals:1 | Reached skill level 10 in Conjurations
 27231 | Shoals:1 | Noticed a kraken
 27829 | Shoals:2 | Found Ufiocey's Book Shoppe.
 28650 | Shoals:2 | Reached XP level 15. HP: 96/96 MP: 16/33
 28938 | Shoals:2 | HP: 2/96 [merfolk impaler/+3 trident of holy wrath (14)]
 29355 | Shoals:2 | Reached skill level 15 in Earth Magic
 29651 | Shoals:2 | Reached skill level 10 in Transmutations
 29786 | Shoals:2 | Noticed a kraken
 30076 | Shoals:2 | Reached **** piety under Ashenzari
 31467 | Shoals:3 | Found a runed translucent door.
 31789 | Shoals:4 | Entered Level 4 of the Shoals
 31954 | Spider:1 | Entered Level 1 of the Spider Nest
 31955 | Spider:1 | Identified the +1 ring mail of the Pirate {Drain rC+ rN++
                  | Int+3}
 32132 | Spider:1 | Reached skill level 16 in Earth Magic
 33006 | Spider:1 | Noticed an emperor scorpion
 33321 | Spider:1 | Killed an emperor scorpion
 33362 | Spider:1 | Noticed an emperor scorpion
 33383 | Lair:2   | Killed an emperor scorpion
 33847 | Spider:1 | Reached XP level 16. HP: 66/103 MP: 0/36
 34040 | Spider:1 | Reached skill level 10 in Fighting
 34976 | Spider:2 | Found the dreamshard necklace {*Dream Drain}
 39240 | Spider:3 | Noticed Donald
 39260 | Spider:3 | Killed Donald
 40332 | Spider:4 | Entered Level 4 of the Spider Nest
 41133 | Spider:4 | HP: 4/105 [wolf spider (12)]
 41134 | Spider:4 | Demolished by a wolf spider

Illustrated notes

Levels and vault maps discovered:
D:1:      minmay_arrival_cross, layout_loops_ring, nicolae_hexahallways,
          minmay_misc_feat_plants, grunt_decor_one_mirror, minmay_pentomino_q4
D:2:      layout_loops_corners, serial_shops, nicolae_shop_statue_plus,
          minmay_goblin_outpost
D:3:      kennysheep_six_static_rooms, layout_loops_corners, uniq_natasha
D:4:      wander_river, layout_layer_cave, mainiacjoe_overflow_brackets,
          grunt_temple_overflow_open, serial_shops, nicolae_diamond_shop
D:5:      layout_loops_cross, minmay_chambers_of_fives, uniq_pikel,
          uniq_crazy_yiuf_cottage
D:6:      layout_loops_corners, amcnicky_altar_gilded,
          minmay_temple_entry_enclosed_plants, portal_sewer_entry_a,
          uniq_menkaure, uniq_edmund, uniq_blork_the_orc, uniq_prince_ribbit1
D:7:      layout_loops_corners, chequers_serial_rivers_small_3,
          nicolae_shop_vocational
D:8:      layout_loops_ring
D:9:      layout_rooms, dpeg_lair_monsters, serial_shops, nicolae_diamond_shop,
          minivault_16, lightli_church_of_beogh, uniq_maggie
D:10:     layout_layer_cave, nemelex_xobeh_ov_fountains_minmay, serial_shops,
          shop
D:11:     layout_big_octagon, zin_angel
Lair:1:   layout_big_grid, lemuel_fruit_fields, uniq_erica
Lair:2:   layout_cave_pods, elwin_shoals_entry_rocks, spider_nest_entry_webs,
          grunt_megastairs_2, infiniplex_staircase_pool_2, uniq_sonja
Lair:3:   layout_cave_pods, serial_bayou_shore_a, uniq_amaemon
Lair:4:   layout_cave_shapes, dpeg_slime_entry_enclosed, gauntlet_entry_generic,
          basic_altar, chequers_serial_rivers_marsh, serial_bayou_pond_c
Lair:5:   evil_forest, layout_misc_corridors, uniq_josephine
Shoals:1: layout_shoals, amcnicky_altar_lugonu_corruption
Shoals:2: layout_shoals, serial_shops, shop
Shoals:3: layout_shoals, lightli_airlock
Shoals:4: shoals_end_grunt_ice, layout_shoals, uniq_aizul
Spider:1: layout_spider_delve
Spider:2: layout_spider_delve, hangedman_spider_tarantella_strand
Spider:3: layout_cave_pods, uniq_donald
Spider:4: spider_rune_water, gammafunk_ghost_necromancy

Skill      XL: |  1  2  3  4  5  6  7  8  9 10 11 12 13 14 15 16 |
---------------+-------------------------------------------------+-----
Stealth        | 3 4 6 7 |  7.7
Earth Magic    | 4 5 7 8 10 12 13 14 16 | 16.1
Fighting       | 1 3 4 6 8 9 10 | 10.3
Spellcasting   | 4 5 7 8 9 11 13 14 | 14.2
Conjurations   | 3 5 7 8 10 12 | 12.1
Transmutations | 4 5 7 8 9 10 11 | 11.4
Translocations | 1 3 |  3.0
Short Blades   | 3 4 5 6 7 |  7.1
Poison Magic   | 3 |  3.7
Dodging        | 2 3 |  3.3

Action                   |  1- 3 |  4- 6 |  7- 9 | 10-12 | 13-15 | 16-18 || total
-------------------------+-------+-------+-------+-------+-------+-------++-------
Melee: Spear             |    15 |     6 |       |       |       |       ||    21
       Short sword       |       |       |    21 |   288 |     3 |       ||   312
       Punch             |       |       |     1 |     9 |    15 |     9 ||    34
       Quick blade       |       |       |       |       |   738 |   316 ||  1054
 Cast: Sandblast         |    38 |    89 |   127 |   172 |   240 |   172 ||   838
       Stone Arrow       |       |       |    18 |   104 |   205 |    56 ||   383
       Petrify           |       |       |       |    67 |   217 |    88 ||   372
       Blink             |       |       |       |    14 |    20 |     1 ||    35
       Iron Shot         |       |       |       |       |    25 |    52 ||    77
       Alistair's Intoxi |       |       |       |       |    12 |       ||    12
Invok: Curse Item        |       |       |     1 |     3 |     3 |     1 ||     8
       Shatter the Chain |       |       |       |       |     1 |       ||     1
  Use: Potion            |       |     2 |       |     1 |     6 |     2 ||    11
       Scroll            |       |       |       |       |    10 |     1 ||    11
 Stab: Sleeping          |       |     1 |       |       |     1 |     1 ||     3
       Petrified         |       |       |       |   150 |   219 |    73 ||   442
       Petrifying        |       |       |       |     8 |    56 |    17 ||    81
       Confused          |       |       |       |       |     3 |       ||     3
Armor: Robe              |     9 |     8 |    26 |   203 |   694 |   342 ||  1282
Dodge: Dodged            |    15 |    31 |    76 |   317 |   960 |   438 ||  1837
